[Event "Early-Titled-Tuesday-Blitz-September-12-2023"]
[Site "Chess.com"]
[Date "2023.09.12"]
[Round "1"]
[White "Jenia84"]
[Black "Casablanca"]
[Result "1-0"]
[WhiteElo "2380"]
[BlackElo "2643"]
[TimeControl "180+1"]
[EndTime "8:07:53 PDT"]
[Termination "Jenia84 won by resignation"]

1. e4 c5 2. Nf3 d6 3. d4 cxd4 4. Nxd4 Nf6 5. Nc3 g6 6. Be3 Bg7 7. Qd2 O-O 8. Bc4 Nc6 9. f3 Bd7 10. O-O-O Rc8 11. Bb3 Ne5 12. h4 Nc4 13. Bxc4 Rxc4 14.
g4 b5 15. Kb1 b4 16. Nce2 Qa5 17. h5 Rfc8 18. hxg6 fxg6 19. Nc1 Qc7 20. Rh2 a5 21. Rdh1 e5 22. g5 Nh5 23. Nf5 Be6 24. Qxd6 Re8 25. Qxc7 Rxc7 26. Nxg7 Kxg7 27. Nb3 Bxb3 28. axb3 Rf7 29.
Rh3 Ref8 30. Rf1 Nf4 31. Bxf4 Rxf4 32. c3 Rxe4 33. Rfh1 Ref4 34. Rxh7+ Kg8 35. Rh8+ Kf7 36. R1h7+ Ke6 37. Rxf8 Rxf8 38. Rg7 Rxf3 39. Rxg6+ Kd5 40. Ra6 bxc3 41. Rxa5+ Kd4 42. bxc3+ Rxc3 43. Kb2 Rg3 44. Ra4+ Kd3 45. Ra8 e4 46. Rd8+ Ke2 47. Rd5 e3 48. b4 Ke1 49. b5 e2 50. b6 Kf1 51. Rf5+ Kg2 52. Re5 Kf2 53. b7 Re3 54. Rxe3 Kxe3 55. b8=Q e1=Q 56. Qe8+ Kf2 57. Qxe1+ Kxe1 1-0

[Event "Early-Titled-Tuesday-Blitz-September-12-2023"]
[Site "Chess.com"]
[Date "2023.09.12"]
[Round "1"]
[White "Dewarfd"]
[Black "tteshan"]
[Result "0-1"]
[WhiteElo "2139"]
[BlackElo "2553"]
[TimeControl "180+1"]
[EndTime "8:07:53 PDT"]
[Termination "tteshan won by resignation"]

1. d4 d5 2. e3 Nf6 3. Nf3 c5 4.
dxc5 Qa5+ 5. Nbd2 Nc6 6. a3 Qxc5 7. b4 Qd6 8. Bb2 e6 9. c4 Be7 10. Be2 O-O 11. O-O dxc4 12. Nxc4 Qc7 13. Rc1 Rd8 14. Qb3 a6 15. Nce5 Bd7 16. Nxd7 Qxd7 17. Rfd1 Qe8 18. b5 axb5 19. Bxb5 Rxd1+ 20. Rxd1 Rd8 21. Bxf6 Bxf6 22. Bxc6 Rxd1+ 23. Qxd1 Qxc6 24. h3 g6 25. Qb1 b5 26.
Nd4 Bxd4 27. exd4 Qc4 28. Qb2 Qd3 29. Qb4 Kg7 30. g3 h5 31. Kh2 h4 32. gxh4 Qf5 33. Qc5 Qxf2+ 34. Kh1 Qf3+ 35. Kh2 Qe2+ 36. Kg3 Qe3+ 37.
Kh2 Qf4+ 38. Kg2 Qe4+ 39. Kh2 Qf5 40. Kg3 Qxc5 41. dxc5 Kf6 42. Kf4 e5+ 43. Ke4 Ke6 44. c6 f5+ 45. Kd3 Kd6 46. h5 gxh5 47. Ke3 Kxc6 48.
Kf3 e4+ 49. Kg3 Kd5 50. Kh4 e3 51. Kxh5 e2 52. Kg5 e1=Q 53. Kxf5 Qg3 0-1

[Event "Early-Titled-Tuesday-Blitz-September-12-2023"]
[Site "Chess.com"]
[Date "2023.09.12"]
[Round "1"]
[White "vi_pranav"]
[Black "malakismayil"]
[Result "1-0"]
[WhiteElo "2987"]
[BlackElo "2523"]
[TimeControl "180+1"]
[EndTime "8:07:54 PDT"]
[Termination "vi_pranav won by resignation"]

1. e4 e5 2. Nf3 Nc6 3. Bb5 a6 4. Ba4 Nf6 5. O-O b5 6. Bb3 Be7 7. d3 O-O 8. a4 b4 9. a5 d6 10. Nbd2 h6 11. Re1 Re8 12. h3 Bf8 13.
Nc4 g6 14. c3 Rb8 15. Ne3 Bg7 16. Bc4 bxc3 17. bxc3 Ne7 18. Qa4 Bd7 19. Qa2 Rf8 20. Bxa6 c5 21. Bc4 Nc6 22. Bd2 Ra8 23. a6 Qc7 24.
Reb1 Ra7 25. Rb2 Bc8 26. Rab1 Na5 27. Bb5 Bxa6 28. c4 Bc8 29. Qa4 Nc6 30. Qd1 Nd4 31.
Nxd4 exd4 32. Nf1 Be6 33. f4 Ra3 34. Rb3 Rfa8 35. Ng3 Bd7 36. Bxd7 Rxb3 37. Rxb3 Qxd7 38.
Kh2 Qa4 39. Ne2 Qc6 40. Ng1 Kh7 41. Nf3 Re8 42. Qb1 Re7 43. Rb6 Qc7 44. Qb5 Nh5 45. Qc6 Qxc6 46. Rxc6 Rd7 47. e5 Bf8 48. Rc8 Be7 49. g4 Ng7 50. Kg3 d5 51. cxd5 Rxd5 52. Rc7 Bd8 53. Rxf7 Kg8 54. Ra7 Bb6 55. Rb7 Bd8 56. f5 gxf5 57. Bxh6 fxg4 58. Rxg7+ Kf8 59.
Rd7+ Ke8 60. Rxd5 gxf3 61. Rxc5 1-0

[Event "Early-Titled-Tuesday-Blitz-September-12-2023"]
[Site "Chess.com"]
[Date "2023.09.12"]
[Round "1"]
[White "Der_Balak_3Halak"]
[Black "attack2mateU"]
[Result "0-1"]
[WhiteElo "2412"]
[BlackElo "2725"]
[TimeControl "180+1"]
[EndTime "8:07:54 PDT"]
[Termination "attack2mateU won by checkmate"]

1. e4 c5 2. Nf3 d6 3. Bb5+ Nd7 4. O-O a6 5. Bxd7+ Bxd7 6. c3 Nf6 7. Re1 e6 8. d4 Be7 9. Bf4 O-O 10. dxc5 dxc5 11. Nbd2 b5 12. Ne5 Be8 13. Qe2 Qb6 14. Rad1 Rd8 15.
Ndf3 Nd7 16. Nxd7 Bxd7 17. Ne5 Bc8 18. Qg4 f6 19. Bh6 g5 20. Bxf8 Kxf8 21. Rxd8+ Bxd8 22. Nf3 Qd6 23. e5 Qd5 24. h4 f5 25. Qh5 gxh4 26.
Ng5 Bxg5 27. Qxg5 Bb7 28. f3 h3 29. Qh6+ Kg8 30. Qxh3 Qd2 31. Qg3+ Kf7 32. Qf2 Qd5 33. Qh4 Ke8 34. Qxh7 Qd2 35. Qg8+ Kd7 36. Qg3 Bd5 37. Qf2 Qd3 38. Qxc5 Qd2 39. Qf2 Qg5 40. f4 Qg4 41. b3 Kc6 42. Rc1 Be4 43. c4 b4 44.
c5 Bd5 45. Qd2 a5 46. Re1 Qg3 47. Qe2 Bxg2 48. Qa6+ Kc7 49. Qb6+ Kc8 50. Qxe6+ Kb8 51. Qe8+ Ka7 52. Re3 Bf3+ 53. Kf1 Qg2+ 54. Ke1 Qg1+ 55. Kd2 Qd1# 0-1

[Event "Early-Titled-Tuesday-Blitz-September-12-2023"]
[Site "Chess.com"]
[Date "2023.09.12"]
[Round "1"]
[White "BatboldNyamsuren0919"]
[Black "JimDiGrease"]
[Result "0-1"]
[WhiteElo "2483"]
[BlackElo "2867"]
[TimeControl "180+1"]
[EndTime "8:07:55 PDT"]
[Termination "JimDiGrease won by resignation"]

1. d4 d5 2. c4 e6 3. Nc3 c6 4. Qc2 Be7 5. Nf3 Nf6 6. e3 O-O 7. b3 Nbd7 8. Bd3 b6 9. O-O Bb7 10. Bb2 Rc8 11. e4 dxe4 12. Nxe4 Nxe4 13. Bxe4 Nf6 14. Rad1 Nxe4 15. Qxe4 Qc7 16. Ne5 c5 17. Qe2 Rcd8 18. dxc5 Qxc5 19. Qg4 f5 20. Qg3 Bd6 21. Qg5 Qc7 22. f4 Be7 23. Qg3 Bc5+ 24. Kh1 Rxd1 25.
Rxd1 Rd8 26. Rxd8+ Qxd8 27. Qd3 Qh4 28. Qg3 Qh5 29. Nf3 Bf8 30. Qf2 Qg4 31. Qe3 Be4 32. h3 Qg3 33. Bc3 Bc5 34. Qe2 Qxf4 35. Bd2 Qd6 36.
Bc3 h6 37. Ne5 Bd4 38. Bxd4 Qxd4 39. Ng6 Qf6 40. Nf4 Kh7 41. Qf2 Qa1+ 42. Kh2 Qe5 43. Qg3 g5 44. Nh5 Qxg3+ 45. Nxg3 Bb1 46. a3 Ba2 47. b4 Bxc4 48. Ne2 Bxe2 0-1

[Event "Early-Titled-Tuesday-Blitz-September-12-2023"]
[Site "Chess.com"]
[Date "2023.09.12"]
[Round "1"]
[White "El_Matador12"]
[Black "Tea99"]
[Result "1-0"]
[WhiteElo "2732"]
[BlackElo "2407"]
[TimeControl "180+1"]
[EndTime "8:07:55 PDT"]
[Termination "El_Matador12 won by resignation"]

1. d4 Nf6 2. Bg5 Ne4 3. h4 c5 4. d5 Qa5+ 5. c3 h6 6. Bc1 d6 7. Nf3 Bg4 8. Qc2 Nf6 9. e4 Nbd7 10. Nbd2 e6 11. dxe6 Bxe6 12. Bc4 Bxc4 13. Nxc4 Qa6 14. Qe2 Be7 15. O-O O-O 16. Re1 b5 17. Ne3 Rfe8 18.
a4 Nxe4 19. Nd5 Bd8 20. Qc2 f5 21. Bf4 Qb7 22. Qb3 c4 23. Qxb5 Qxb5 24. axb5 Nb6 25. Nb4 g5 26. hxg5 hxg5 27. Be3 g4 28. Nd4 Rf8 29.
Bf4 Bh4 30. g3 Bg5 31. Ne6 Bxf4 32. Nxf4 Nd7 33. Kg2 Ne5 34. Nbd5 Rf7 35. b6 Nf3 36. Rh1 Nc5 37. Ng6 Rh7 38. Nge7+ Kh8 39. Nxf5 Rxh1 40.
Rxh1+ Kg8 41. Nxd6 axb6 42. Nf6+ Kg7 43. Nxg4 Ng5 44.
Nf5+ Kg6 45. Ne7+ Kf7 46. Nd5 Nge4 47. f3 Ra2 48. fxe4 Rxb2+ 49. Kf3 Rc2 50. Ne5+ Ke6 51. Nxc4 Nd3 52. Rh6+ Kd7 53. Ncxb6+ Ke8 54. Ke3 Ne5 55.
Re6+ Kf7 56. Rxe5 1-0

[Event "Early-Titled-Tuesday-Blitz-September-12-2023"]
[Site "Chess.com"]
[Date "2023.09.12"]
[Round "1"]
[White "Rurep26"]
[Black "DanyKopy"]
[Result "0-1"]
[WhiteElo "2809"]
[BlackElo "2492"]
[TimeControl "180+1"]
[EndTime "8:07:56 PDT"]
[Termination "DanyKopy won by checkmate"]

1. d4 Nf6 2. Bf4 g6 3. Nc3 d5 4. e3 Bg7 5. h4 a6 6. Bd3 c5 7. Nf3 Nc6 8. Ne5 cxd4 9. Nxc6 bxc6 10. exd4 Qb6 11. Be5 Qxb2 12. Na4 Qa3 13. c3 h5 14. O-O O-O 15. Bf4 e6 16. Rb1 Nd7 17. Qc2 Qe7 18.
Nb6 Nxb6 19. Rxb6 Qxh4 20. Bd6 Qd8 21. Rxc6 Bb7 22. Bxf8 Bxc6 23. Bc5 Bb5 24. Rb1 Qd7 25. Qe2 Bxd3 26. Qxd3 Qa4 27. Rb7 Qc6 28. Rb6 Qa4 29. Qf3 Qc2 30. Rb7 Qf5 31. Qe2 h4 32. Kh1 h3 33. g3 Bh6 34. Kh2 Kg7 35. Bd6 Bg5 36. Be5+ Bf6 37. Bd6 Rh8 38. Bf4 g5 39. Bd6 g4 40.
Be5 Bxe5 41. dxe5 Rc8 42. Qe3 Qe4 43. Qg5+ Qg6 44. Qe3 Rc4 45. Rb4 Re4 46. Rxe4 Qxe4 47. Qg5+ Qg6 48. Qf4 Qf5 49. Qe3 Kg6 50. a4 Qe4 51.
Qb6 Qg2# 0-1

[Event "Early-Titled-Tuesday-Blitz-September-12-2023"]
[Site "Chess.com"]
[Date "2023.09.12"]
[Round "1"]
[White "Rdeux42"]
[Black "Hope_6"]
[Result "0-1"]
[WhiteElo "2396"]
[BlackElo "2702"]
[TimeControl "180+1"]
[EndTime "8:07:57 PDT"]
[Termination "Hope_6 won by resignation"]

1. e4 c5 2. Nf3 e6 3. b3 Nc6 4. Bb2 a6 5. c4 Nf6 6. d3 d6 7. g3 e5 8. Bg2 g6 9. O-O Bg7 10. Nc3 O-O 11. h3 h6 12. a3 Be6 13.
Ne1 Qd7 14. Kh2 Nh7 15. Nd5 Rae8 16.
Qd2 f5 17. exf5 gxf5 18. f4 Nf6 19. Nc2 Nd4 20. Bxd4 cxd4 21. Ncb4 Nh5 22. Bf3 Qf7 23. Nc7 Nxg3 24. Kxg3 Qxc7 25. Nd5 Qd8 26. Kh2 Kh8 27. Rg1 e4 28. Bh5 Bf7 29. Bxf7 Rxf7 30. Rg6 Qh4 31. Rag1 exd3 32. Qxd3 Re4 33. b4 Kh7 34. a4 Kh8 35. b5 axb5 36. cxb5 Qf2+ 37. R6g2 Qh4 38.
a5 Qd8 39. a6 bxa6 40. bxa6 Qa5 41. Rc1 Qxd5 42. Rc8+ Kh7 43. Rb8 Re3 44. Qb5 Qxb5 45. Rxb5 Ra3 0-1

[Event "Early-Titled-Tuesday-Blitz-September-12-2023"]
[Site "Chess.com"]
[Date "2023.09.12"]
[Round "1"]
[White "Alex_Banzea"]
[Black "Leandro-Slagboom"]
[Result "1-0"]
[WhiteElo "2672"]
[BlackElo "2374"]
[TimeControl "180+1"]
[EndTime "8:07:57 PDT"]
[Termination "Alex_Banzea won by resignation"]

1. d4 d5 2. Nc3 Nf6 3. Bf4 c5 4. e3 a6 5. dxc5 Nc6 6. a3 e5 7. Bg5 Be6 8. b4 Be7 9. Nf3 O-O 10. Be2 d4 11. exd4 exd4 12. Na4 Ne4 13. Bxe7 Qxe7 14. O-O Rad8 15. Bd3 Ng5 16. Nxg5 Qxg5 17. Qf3 h5 18. Qg3 Qf6 19. Rfe1 h4 20. Qf3 Qxf3 21. gxf3 g5 22. Kg2 Rfe8 23. Nb6 Kg7 24. Re2 f6 25. Rae1 Ne5 26.
Re4 Kf7 27. f4 gxf4 28. Rxf4 Rg8+ 29. Kf1 Ng4 30. Rxe6 Nxh2+ 31. Ke2 Kxe6 32. Rxh4 Rh8 33. Bc4+ Ke5 34. f4+ Kf5 35. Rxh8 Rxh8 36. Bd5 Ng4 37. Bxb7 Kxf4 38. c6 Rh7 39. c7 Rxc7 40. Nd5+ Ke5 41. Nxc7 f5 42. Nxa6 Ne3 43. Nc5 Nxc2 44. Nd3+ Kd6 45.
a4 Na3 46. Bc8 Nc4 47. Bxf5 Nb6 48. a5 Nd5 49. Be4 Nc3+ 50. Kf3 Kc7 51. Kf4 Kb8 52.
Ke5 1-0

[Event "Early-Titled-Tuesday-Blitz-September-12-2023"]
[Site "Chess.com"]
[Date "2023.09.12"]
[Round "1"]
[White "TimofeevAr"]
[Black "GaalZsoka"]
[Result "1-0"]
[WhiteElo "2851"]
[BlackElo "2480"]
[TimeControl "180+1"]
[EndTime "8:07:58 PDT"]
[Termination "TimofeevAr won by resignation"]

1. c4 f5 2. Nc3 Nf6 3. Nf3 g6 4.
d4 Bg7 5. Bf4 d6 6. h3 O-O 7. e3 Nbd7 8. Be2 Qe8 9. d5 Nc5 10.
O-O e5 11. dxe6 Bxe6 12. Rc1 a5 13. Nd4 Bf7 14. Ndb5 Qe7 15. b3 Nfe4 16. Nd5 Bxd5 17. cxd5 Rae8 18. Bh2 f4 19. exf4 c6 20. dxc6 bxc6 21.
Nd4 Nxf2 22. Rxf2 Qe3 23. Nc2 Qc3 24. Rf3 Qb2 25. Kh1 Rxe2 26. Qxe2 Qxc1+ 27. Rf1 Qb2 28. f5 gxf5 29. Qc4+ Kh8 30. Bxd6 Ne4 31. Bxf8 Ng3+ 32. Kg1 Bxf8 33. Rd1 Ne4 34. Qd4+ Qxd4+ 35. Nxd4 c5 36.
Nxf5 Nc3 37. Rd8 Kg8 38. a4 Na2 39. Ra8 Nc1 40. Rb8 Kf7 41. Rb5 Ke6 42. g4 Kd5 43. Ne3+ Kc6 44. Nc4 Bg7 45. Nxa5+ Kd6 46. Nc4+ Kd5 47. a5 Bd4+ 48. Kg2 Nxb3 49. Rxb3 Kxc4 50. a6 Kxb3 51. a7 c4 52. a8=Q c3 53. Qd5+ 1-0

[Event "Early-Titled-Tuesday-Blitz-September-12-2023"]
[Site "Chess.com"]
[Date "2023.09.12"]
[Round "1"]
[White "BJthechessgod"]
[Black "farzadbfd"]
[Result "0-1"]
[WhiteElo "2395"]
[BlackElo "2705"]
[TimeControl "180+1"]
[EndTime "8:07:59 PDT"]
[Termination "farzadbfd won by resignation"]

1. e4 e5 2. Nf3 Nc6 3. d3 Bc5 4. Nc3 Nf6 5. Bg5 h6 6. Bh4 g5 7. Bg3 d6 8. Be2 Be6 9. Na4 Bb4+ 10. c3 Ba5 11. b4 Bb6 12. O-O Ne7 13. Re1 Ng6 14. Bf1 Nh5 15. d4 Qf6 16. Nxb6 axb6 17. Nxe5 Ngf4 18. Nd3 Nxd3 19. Bxd3 Nf4 20.
e5 dxe5 21. dxe5 Qg7 22. Bxf4 gxf4 23. Be4 Ra7 24. Qf3 Qg5 25. Bxb7 Rg8 26. Bc6+ Kf8 27. h3 Rxa2 28. Rxa2 Bxa2 29. Ra1 Be6 30. Ra8+ Kg7 31.
Rxg8+ Kxg8 32. Kf1 Qxe5 33. Qe4 Qxc3 34. Qxf4 Qxc6 35. Kg1 Kg7 36. Qe5+ Kf8 37. b5 Qc1+ 38. Kh2 Qg5 39. Qxc7 Qxb5 40. Qd6+ Kg7 41. f3 Qc5 42.
Qb8 b5 43. h4 b4 44. Qg3+ Kh7 45. Qb8 b3 46. g4 Qc2+ 47. Kg3 b2 48. g5 b1=Q 49. Qf8 Qc7+ 50. Kg2 Qbc1 51. Qxh6+ Kg8 52. g6 Qxh6 0-1

[Event "Early-Titled-Tuesday-Blitz-September-12-2023"]
[Site "Chess.com"]
[Date "2023.09.12"]
[Round "1"]
[White "Raskolnikov6"]
[Black "Gentlejimmy7"]
[Result "1-0"]
[WhiteElo "2259"]
[BlackElo "2556"]
[TimeControl "180+1"]
[EndTime "8:08:00 PDT"]
[Termination "Raskolnikov6 won by checkmate"]

1. d4 f5 2. Nc3 Nf6 3. Bg5 d5 4.
e3 c6 5. h3 Nbd7 6. Bd3 e6 7. g4 g6 8. Nge2 Be7 9. Nf4 Nf8 10.
Qe2 Ne4 11. Bxe7 Qxe7 12. Bxe4 fxe4 13. f3 exf3 14. Qxf3 e5 15. Nfe2 e4 16. Qg2 Ne6 17. O-O-O Bd7 18. Rhf1 O-O-O 19. Nf4 Nxf4 20. Rxf4 g5 21. Rf2 h5 22. Rdf1 hxg4 23. hxg4 Be6 24. Na4 b6 25. Rf6 Rh4 26. Qe2 Kb7 27. a3 Bxg4 28.
Rf7 Bxe2 29. Rxe7+ Kb8 30. Rff7 Ba6 31. Rxa7 Bc8 32.
Nxb6 Rh1+ 33. Kd2 Rh2+ 34. Kc3 Rd7 35. Raxd7 Bxd7 36. Nxd7+ Kc7 37. Ne5+ Kb6 38. Rg7 Re2 39. Rxg5 Rxe3+ 40. Kd2 Rh3 41. Rg6 Rh2+ 42. Kc3 Rh3+ 43. Kb4 Rh2 44. Rxc6+ Kb7 45. Rc5 e3 46. Nd3 Rd2 47. Kc3 Rh2 48. Rxd5 e2 49. Re5 Kb6 50. Kd2 e1=Q+ 51. Kxe1 Rxc2 52. Kd1 Rg2 53. Re2 Rg4 54. Kd2 Rxd4 55. Kc3 Rd8 56. b4 Ra8 57. Kb3 Rd8 58. Nc5 Rh8 59. Re3 Rh1 60. a4 Rb1+ 61. Kc4 Rc1+ 62.
Rc3 Rh1 63. a5+ Kc7 64. Re3 Rh4+ 65. Re4 Rh8 66. b5 Kb8 67. b6 Ka8 68. Kb5 Rg8 69.
a6 Rh8 70. Rd4 Rg8 71. Kc6 Rc8+ 72. Kb5 Rh8 73. Rd6 Rg8 74. Rd7 Rh8 75. Ra7+ Kb8 76.
Nd7+ Kc8 77. Ra8+ Kxd7 78. Rxh8 Kd6 79. a7 Kd5 80. a8=Q+ Kd4 81. Qd8+ Kc3 82. Rh3+ Kc2 83. Qd3+ Kb2 84. Rh1 Ka2 85. Qc2+ Ka3 86. Ra1# 1-0

[Event "Early-Titled-Tuesday-Blitz-September-12-2023"]
[Site "Chess.com"]
[Date "2023.09.12"]
[Round "1"]
[White "Roman_Ovetchkin"]
[Black "Zheenbekov86"]
[Result "0-1"]
[WhiteElo "2649"]
[BlackElo "2399"]
[TimeControl "180+1"]
[EndTime "8:08:01 PDT"]
[Termination "Zheenbekov86 won on time"]

1. d4 Nf6 2. c4 e6 3. g3 Bb4+ 4. Bd2 Be7 5. Bg2 O-O 6. Nf3 d5 7. Qc2 c6 8. O-O Nbd7 9. Rd1 b6 10. Bf4 Ba6 11. Nbd2 Bb7 12. e4 Rc8 13. e5 Ne8 14.
cxd5 cxd5 15. Qa4 a6 16. Re1 b5 17. Qd1 Nb6 18. Bf1 Nc4 19. Rb1 g6 20. Bd3 Ng7 21. h4 b4 22. Bg5 a5 23. Nf1 Ba6 24. Qe2 Bb7 25. N1h2 h5 26. Bxe7 Qxe7 27. Ng5 a4 28.
Rbc1 b3 29. a3 Nxa3 30. bxa3 Qxa3 31. Rb1 Qb4 32. g4 Qxd4 33. Ngf3 Qf4 34. gxh5 Nxh5 35.
Qe3 d4 36. Qxf4 Nxf4 37. Be4 Ba6 38. Nxd4 Rfd8 39. Nhf3 Rc3 40. Kh2 Rb8 41. Ra1 Rb4 42.
Reb1 Rxf3 43. Bxf3 Rxd4 44. Ra3 Bd3 45. Rb2 Bc2 46.
Kg3 Nd3 47. Bc6 Nxb2 48. f4 Nc4 49. Ra1 a3 0-1

[Event "Early-Titled-Tuesday-Blitz-September-12-2023"]
[Site "Chess.com"]
[Date "2023.09.12"]
[Round "1"]
[White "MasterKroket"]
[Black "DopplerCharlotteDeWitte"]
[Result "1-0"]
[WhiteElo "2397"]
[BlackElo "2667"]
[TimeControl "180+1"]
[EndTime "8:08:02 PDT"]
[Termination "MasterKroket won by resignation"]

1. d4 Nf6 2. c4 e6 3. Bg5 h6 4.
Bxf6 Qxf6 5. e3 b6 6. Nc3 Bb7 7.
f3 Bb4 8. Bd3 c5 9. Ne2 Qg5 10.
Kf2 O-O 11. Be4 Nc6 12. f4 Qf6 13. d5 Na5 14. Qd3 Bxc3 15. Nxc3 e5 16. g3 d6 17. h4 exf4 18. gxf4 Rae8 19. Rag1 Kh8 20. Rg5 Qe7 21. Rg3 Bc8 22. h5 f5 23. Bf3 Rf7 24. Rg6 a6 25. Ne2 b5 26. b3 bxc4 27.
bxc4 Qb7 28. Qc3 Qb4 29. Qxb4 cxb4 30. Rxd6 Nxc4 31. Rc6 Nd2 32. Nd4 Bb7 33. Rd6 a5 34. Rd1 Nxf3 35. Kxf3 Rc8 36. Nc6 Rfc7 37. Nxa5 Ba8 38.
Rd4 Rc5 39. Nc6 Bxc6 40. dxc6 R5xc6 41. Rxc6 Rxc6 42. Rxb4 Rc2 43. a4 Ra2 44. Rb8+ Kh7 45. Ra8 Rh2 46. a5 Ra2 47. a6 g6 48. Ra7+ Kg8 49.
hxg6 h5 50. Kg3 Ra3 51. Kh4 Rxe3 52. Kxh5 Rh3+ 53. Kg5 Ra3 54. Kf6 Rb3 55. Ra8+ 1-0

[Event "Early-Titled-Tuesday-Blitz-September-12-2023"]
[Site "Chess.com"]
[Date "2023.09.12"]
[Round "1"]
[White "OK97"]
[Black "Payyappat"]
[Result "0-1"]
[WhiteElo "2815"]
[BlackElo "2488"]
[TimeControl "180+1"]
[EndTime "8:08:04 PDT"]
[Termination "Payyappat won by resignation"]

1. d4 Nf6 2. Nf3 c5 3. e3 e6 4.
Bd3 Nc6 5. O-O d5 6. b3 Bd6 7. Bb2 O-O 8. dxc5 Bxc5 9. a3 Bd6 10. b4 a6 11. Nbd2 e5 12. e4 d4 13. c3 dxc3 14.
Bxc3 Bxb4 15. axb4 Qxd3 16. Bxe5 Nxe5 17. Nxe5 Qd4 18.
Ndc4 Qxd1 19. Rfxd1 Be6 20. Nb6 Rad8 21. f3 Rfe8 22.
Kf2 Rxd1 23. Rxd1 Bb3 24. Rd3 Bc2 25. Rc3 Bxe4 26. Nec4 Nd5 27. Nxd5 Bxd5 28. Nd6 Rd8 29. Rc7 g6 30. Nxb7 Rb8 31. Nc5 Bc4 32. g4 Rxb4 33.
g5 Kg7 34. Nd7 h6 35. h4 Be6 36. Nc5 Bf5 37. Kg3 hxg5 38. hxg5 a5 39. Ra7 Rb5 40.
Rc7 Kf8 41. Kf4 a4 42. Ke5 Kg7 43. Kd6 Ra5 44. Nb7 Ra7 45. Kc5 a3 46. Kb6 a2 47.
Kxa7 a1=Q+ 48. Kb8 Qe5 49. Nd8 Kf8 50. Nc6 Qf4 51. Kb7 Qxf3 52. Kb6 Be4 53. Ne5 Qf2+ 54. Kb5 Qb2+ 55. Kc5 Qxe5+ 0-1

[Event "Early-Titled-Tuesday-Blitz-September-12-2023"]
[Site "Chess.com"]
[Date "2023.09.12"]
[Round "1"]
[White "masterofpuppets2"]
[Black "Durarbayli"]
[Result "1/2-1/2"]
[WhiteElo "2505"]
[BlackElo "2890"]
[TimeControl "180+1"]
[EndTime "8:08:05 PDT"]
[Termination "Game drawn - insufficient material"]

1. d4 Nf6 2. c4 e6 3. Nf3 b6 4. g3 Bb7 5. Bg2 Bb4+ 6. Bd2 a5 7. O-O O-O 8. Qc2 Be4 9. Qc1 h6 10. a3 Bxd2 11. Qxd2 d6 12. Nc3 Bb7 13. Qc2 Nbd7 14. e4 e5 15. Rad1 Re8 16. Rfe1 c6 17. b3 Qc7 18. h3 Rad8 19. Nh4 Nf8 20. Nf5 Bc8 21. d5 Bxf5 22. exf5 cxd5 23. Nxd5 Nxd5 24. Bxd5 Nh7 25. Bg2 Nf6 26. Qb2 Qc8 27. g4 Qc5 28. Re2 e4 29. Rde1 d5 30. cxd5 Rxd5 31. Bxe4 Nxe4 32. Rxe4 Rxe4 33.
Rxe4 Rd1+ 34. Kg2 Qd5 35. Qe5 Qxb3 36. f6 Qd3 37. Qe8+ Kh7 38. Re3 Qf1+ 39. Kg3 Qg1+ 40.
Kf3 Qh1+ 41. Kg3 Rg1+ 42. Kh4 Qd5 43. Qe4+ Qxe4 44. Rxe4 g5+ 45. Kh5 Rh1 46. Re3 b5 47.
Rb3 b4 48. axb4 axb4 49. f4 gxf4 50. Kh4 Rg1 51. Rxb4 f3 52. Rf4 Rf1 53. Kg3 Kg6 54. Rxf3 Rxf3+ 55. Kxf3 Kxf6 56. Kf4 Ke6 57. h4 Kf6 58.
g5+ hxg5+ 59. hxg5+ Kg6 60. Kg4 f6 61. gxf6 Kxf6 1/2-1/2

[Event "Early-Titled-Tuesday-Blitz-September-12-2023"]
[Site "Chess.com"]
[Date "2023.09.12"]
[Round "1"]
[White "baki83"]
[Black "Rosh1610"]
[Result "1-0"]
[WhiteElo "2805"]
[BlackElo "2456"]
[TimeControl "180+1"]
[EndTime "8:08:05 PDT"]
[Termination "baki83 won by checkmate"]

1. e4 c5 2. Nf3 d6 3. Bb5+ Nd7 4. d4 cxd4 5. Qxd4 Nf6 6. O-O a6 7. Be2 g6 8. Rd1 Bg7 9. Nc3 O-O 10. e5 dxe5 11. Nxe5 Ne8 12. Bf4 Nd6 13. Qd5 Nxe5 14.
Bxe5 Be6 15. Qd4 Nf5 16. Qxd8 Rfxd8 17. Bxg7 Kxg7 18. Bf3 Nd6 19. Ne2 Rac8 20. c3 b5 21. Nf4 Bf5 22. Nd5 e6 23. Ne7 Rc7 24. Nc6 Rdd7 25.
Nb8 Rd8 26. Nxa6 Rcc8 27. Nb4 Be4 28. Bxe4 Nxe4 29. Kf1 Nd2+ 30. Ke2 Nc4 31. b3 Ne5 32. Rxd8 Rxd8 33. Rc1 Rc8 34. Rc2 f5 35. Nd3 Nd7 36. c4 bxc4 37. Rxc4 Rxc4 38. bxc4 Kf7 39. f4 Ke7 40.
Ke3 Kd6 41. Kd4 Nb8 42. Ne5 Na6 43. a3 Nc5 44. Nf7+ Kc6 45. Ng5 Nb3+ 46. Kc3 Nc5 47.
Nxh7 Ne4+ 48. Kd4 Kd6 49. Nf8 g5 50. fxg5 Nxg5 51. Ng6 Nf7 52. c5+ Kc7 53. h4 Nh6 54. Ne5 Ng8 55. h5 Nf6 56. h6 Nh7 57. c6 Nf6 58. a4 Kb6 59. a5+ Kc7 60. Kc5 Ne4+ 61. Kb5 Nc3+ 62. Kc4 Ne4 63. h7 Nf6 64. h8=Q f4 65.
Qxf6 f3 66. Qe7+ Kc8 67. Qd7+ Kb8 68. Qb7# 1-0

[Event "Early-Titled-Tuesday-Blitz-September-12-2023"]
[Site "Chess.com"]
[Date "2023.09.12"]
[Round "1"]
[White "crazy_but_lazy"]
[Black "LuisFSiles"]
[Result "0-1"]
[WhiteElo "2635"]
[BlackElo "2362"]
[TimeControl "180+1"]
[EndTime "8:08:08 PDT"]
[Termination "LuisFSiles won by checkmate"]

1. c4 Nf6 2. Nc3 g6 3. d4 d6 4. e4 Bg7 5. Be2 O-O 6. Be3 Nbd7 7. h4 e5 8. d5 Nc5 9. f3 Nh5 10. g4 Nf4 11. Qd2 f5 12. gxf5 gxf5 13. O-O-O Kh8 14. b4 Na6 15. a3 Rf6 16. Nh3 Nxh3 17. Rxh3 f4 18. Rh2 fxe3 19. Qc2 Bd7 20. Kb2 c5 21. dxc6 bxc6 22. c5 Nc7 23. cxd6 Ne6 24. Bc4 Nd4 25. Qd3 Rxf3 26. Ne2 Rf2 27. Rxf2 exf2 28. Rf1 Qxh4 29. Ng3 Rf8 30. Nf5 Bxf5 31. exf5 e4 32. Qd1 e3 33.
Ka2 e2 34. Bxe2 Nxe2 35. Qxe2 Qd4 36. Qxf2 Qd5+ 37. Kb1 Qxd6 38. Qc2 Bf6 39. Rh1 Qd4 40. Ka2 Re8 41. Qh2 Qd5+ 42. Kb1 Qxf5+ 43. Ka2 Rd8 44. Rc1 Qd5+ 45. Kb1 Qe5 46. Qa2 Qf5+ 47.
Qc2 Qxc2+ 48. Rxc2 h5 49. Rxc6 Kg7 50. Rc7+ Kg6 51.
Rxa7 h4 52. Rc7 h3 53. Rc3 Bxc3 54. Kc2 Bf6 55. a4 h2 56. Kb3 h1=Q 57. Kc4 Qc1+ 58.
Kb5 Rb8+ 59. Ka6 Qc8+ 60. Ka5 Qc7+ 61. Ka6 Qb7+ 62. Ka5 Qa7# 0-1

[Event "Early-Titled-Tuesday-Blitz-September-12-2023"]
[Site "Chess.com"]
[Date "2023.09.12"]
[Round "1"]
[White "IwkooO"]
[Black "MarijaKuznecova"]
[Result "0-1"]
[WhiteElo "2652"]
[BlackElo "2389"]
[TimeControl "180+1"]
[EndTime "8:08:09 PDT"]
[Termination "MarijaKuznecova won by checkmate"]

1. e4 c5 2. Nf3 d6 3. Bb5+ Bd7 4. a4 g6 5. O-O Bg7 6. Re1 e5 7. c3 Nc6 8. d3 Nge7 9. Nbd2 a6 10. Bc4 O-O 11.
Nf1 Kh8 12. Ne3 Qe8 13. Nd5 Nxd5 14. Bxd5 f5 15. d4 f4 16. dxe5 dxe5 17. h3 h6 18. Qb3 Rb8 19. Qc4 Qe7 20. b3 g5 21.
Ba3 b6 22. Qxa6 h5 23. h4 g4 24.
Ng5 Bh6 25. Bc1 Bxg5 26. hxg5 Qxg5 27. Qd3 Rbd8 28. Bd2 h4 29. Rad1 g3 30. Qe2 h3 31.
fxg3 Qxg3 32. Qf3 Qxf3 33. gxf3 Ne7 34. Kf2 Nxd5 35. exd5 Bf5 36. c4 Rg8 37. Rg1 Bc2 38. Rc1 Bxb3 39. Bc3 Rxg1 40. Rxg1 Re8 41. Rh1 Bxc4 42.
Rxh3+ Kg7 43. d6 Kf6 44. Rh6+ Kf7 45. Rh7+ Ke6 46. Rh6+ Kd7 47. a5 bxa5 48. Bxa5 Be6 49. Bc7 c4 50. Rh7+ Kc6 51. Ke1 c3 52. Ke2 c2 53.
Kd2 Bf5 54. Rh6 Ra8 55. Rf6 Ra1 56. d7+ Kxd7 57. Bxe5 c1=Q+ 58. Ke2 Qd1+ 59. Kf2 Qf1# 0-1

[Event "Early-Titled-Tuesday-Blitz-September-12-2023"]
[Site "Chess.com"]
[Date "2023.09.12"]
[Round "1"]
[White "Apocalyps999"]
[Black "temiksmozg"]
[Result "0-1"]
[WhiteElo "2321"]
[BlackElo "2631"]
[TimeControl "180+1"]
[EndTime "8:08:09 PDT"]
[Termination "temiksmozg won by checkmate"]

1. e4 c5 2. c3 d5 3. exd5 Qxd5 4.
d4 Nf6 5. Nf3 e6 6. Na3 Nc6 7.
Be3 cxd4 8. Nb5 Qd8 9. Nbxd4 Bd7 10. Bd3 Bd6 11. Bc2 O-O 12. O-O a6 13. Nxc6 Bxc6 14.
Nd4 Bd5 15. b3 Qc7 16. c4 Bxh2+ 17. Kh1 Be4 18. Bxe4 Nxe4 19. Qf3 Qe5 20. g3 Bxg3 21. fxg3 Nxg3+ 22. Kg2 Nxf1 23. Rxf1 Rad8 24. Qf2 b5 25. cxb5 axb5 26. Kg1 Rd5 27. Rc1 Rfd8 28. Rd1 Qe4 29. Rf1 f5 30. Nf3 Rd3 31. Bb6 Rc8 32. Kg2 Qg4+ 33.
Qg3 Rc2+ 34. Rf2 Rxf2+ 35. Bxf2 Qxg3+ 36. Kxg3 g5 37. Kg2 g4 38. Ne5 Rd5 39. Nd7 Rxd7 40. Kg3 Rd5 41. Kf4 Kf7 42. Kg5 Rd2 43. Kh6 Rxa2 44.
Be3 Rh2+ 45. Kg5 g3 46. Kf4 g2 47. Kg3 Rh1 48. Kxg2 Rb1 49. b4 Rb3 50. Bc5 f4 51.
Kf2 Kg6 52. Kg2 Kf5 53. Kf2 e5 54. Kg2 e4 55. Kf2 Kg4 56. Ke1 Rb2 57. Kf1 h5 58. Ke1 h4 59. Kd1 h3 60. Kc1 Rg2 61. Kd1 h2 62. Bf2 h1=Q+ 63. Be1 Qf1 64. Kc1 Qxe1# 0-1